 Seeded DCSS version 0.26.1-16-g4e020e15dc (webtiles) character file.

Game seed: 18446744073709551615 (custom seed)

415 Mickster the Shield-Bearer (level 6, -4/52 HPs)
             Began as a Hill Orc Fighter on Feb 24, 2023.
             Slain by phiIosophr's ghost (7 damage)
             ... on level 4 of the Dungeon.
             The game lasted 00:34:17 (2884 turns).

Mickster the Shield-Bearer (Hill Orc Fighter)       Turns: 2884, Time: 00:34:18

Health: -4/52      AC: 14    Str: 21    XL:     6   Next: 92%
Magic:  6/6        EV: 21    Int:  8    God:
Gold:   199        SH:  9    Dex: 10    Spells: 5/5 levels left

rFire    . . .     SeeInvis .   v - +1 flail (protect)
rCold    . . .     Faith    .   c - +0 kite shield
rNeg     . . .     Spirit   .   l - +0 chain mail
rPois    +         Reflect  .   (no helmet)
rElec    .         Harm     .   (no cloak)
rCorr    +         Rampage  .   (no gloves)
Will     .....                  t - +0 pair of boots
Stlth    ..........             f - amulet of the acrobat
HPRegen  0.17/turn              s - ring of resist corrosion
MPRegen  0.10/turn              q - +4 ring of protection

@: mighty, berserk cooldown, acrobat, slowed, very slow
A: hooves 1, blurry vision 1, poison resistance
a: no special abilities


You were on level 4 of the Dungeon.
You visited 1 branch of the dungeon, and saw 4 of its levels.

You collected 199 gold pieces.

Inventory:

Hand Weapons
 a - a +0 war axe
 i - a +0 dagger of electrocution
 v - a +1 flail of protection (weapon)
Missiles
 e - 5 atropa-tipped darts
 g - 178 stones
 h - 42 sling bullets
 k - 32 arrows
 m - 15 poisoned darts (quivered)
 p - 8 boomerangs
Armour
 b - a +0 scale mail
 c - a +0 kite shield (worn)
 l - a +0 chain mail (worn)
 t - a +0 pair of boots (worn)
Jewellery
 f - an amulet of the acrobat (around neck)
 q - a +4 ring of protection (right hand)
 r - an uncursed amulet of reflection
 s - a ring of resist corrosion (left hand)
Wands
 w - a wand of polymorph (3)
Scrolls
 j - 3 scrolls of teleportation
 n - 5 scrolls of identify
 o - a scroll of amnesia


   Skills:
 + Level 4.2 Fighting
 * Level 2.9 Short Blades
 - Level 3.0 Axes
 + Level 0.1(1.4) Maces & Flails
 * Level 2.0 Throwing
 + Level 4.8 Armour
 + Level 1.1 Dodging
 + Level 0.2 Stealth
 + Level 4.9 Shields


You had 5 spell levels left.
You didn't know any spells.
Your spell library contained the following spells:

 Spells                   Type           Power        Failure   Level
 Beastly Appendage        Tmut           0%           100%        1
 Wereblood                Tmut           0%           100%        2
 Spider Form              Tmut/Pois      0%           100%        3
 Ice Form                 Ice/Tmut       0%           100%        4
 Blade Hands              Tmut           0%           100%        5


Dungeon Overview and Level Annotations

Branches:
Dungeon (4/15)
 Temple: D:4-7

Altars:

Annotations:
D:4 phiIosophr's ghost, novice GnTm


Innate Abilities, Weirdness & Mutations

You have large cloven feet.
Scrolls take you a little longer to read.
Your system is resistant to poisons. (rPois)


Message History

PhiIosophr's ghost hits you.
* * * LOW HITPOINT WARNING * * *
PhiIosophr's ghost hits you.
* * * LOW HITPOINT WARNING * * *
You barely miss phiIosophr's ghost.
PhiIosophr's ghost is moderately damaged.
You block phiIosophr's ghost's attack. x2
You thump phiIosophr's ghost!
Your weapon exudes an aura of protection.
PhiIosophr's ghost is heavily damaged.
PhiIosophr's ghost hits you.
* * * LOW HITPOINT WARNING * * *
PhiIosophr's ghost hits you but does no damage.
PhiIosophr's ghost hits you.
* * * LOW HITPOINT WARNING * * *
PhiIosophr's ghost completely misses you.
There is an open translucent gate here.
You see here a worker ant corpse.
PhiIosophr's ghost hits you!
You die...

..... # #............. ####...
###.#.........
.#############.#.........
#.#..............#........#
#.#.#########.####........#
#.#.#.......#.####........#
##.#.#..#.#..#.............#
##....#.$.#...†..##########.####
...#..#.?.....†W@# ##.....## #
##..#...#...†.## ##.......#
###...#..#.#..#.# #.........
....#.#.......#.# #.........
.##...#########.########.........
#####.................##.........
# #################.......>....
####......... #.........


You could see phiIosophr's ghost.

Vanquished Creatures
  A sky beast (D:4)
  An ogre (D:4)
  A centaur zombie (D:3)
  An orc priest (D:4)
  An iguana (D:4)
  A worker ant (D:4)
  5 adders
  An adder skeleton (D:4)
  A worm (D:2)
  6 orcs (D:4)
  A ball python (D:2)
  8 bats
  2 giant cockroaches
  10 goblins
  7 hobgoblins
  7 jackals
  7 kobolds
  3 quokkas
  4 frilled lizards
  5 rats
73 creatures vanquished.

Notes
Turn   | Place    | Note
-------+----------+-------------------------------------------
     0 | D:1      | Mickster the Hill Orc Fighter began the quest for the Orb.
     0 | D:1      | Reached XP level 1. HP: 19/19 MP: 1/1
   114 | D:1      | Reached XP level 2. HP: 27/27 MP: 2/2
   717 | D:2      | Reached XP level 3. HP: 33/33 MP: 3/3
  1251 | D:2      | Gained mutation: You have large cloven feet. [potion of
                  | mutation]
  1251 | D:2      | Gained mutation: Scrolls take you a little longer to read.
                  | [potion of mutation]
  1251 | D:2      | Gained mutation: Your system is resistant to poisons.
                  | (rPois) [potion of mutation]
  1425 | D:2      | Reached XP level 4. HP: 35/40 MP: 4/4
  1704 | D:3      | Reached skill level 1 in Short Blades
  2112 | D:3      | Reached skill level 1 in Dodging
  2112 | D:3      | Reached XP level 5. HP: 40/46 MP: 5/5
  2331 | D:4      | Noticed phiIosophr's ghost (novice GnTm)
  2332 | D:4      | Found a runed translucent gate.
  2332 | D:4      | Found a runed translucent gate.
  2332 | D:4      | Found a runed translucent gate.
  2343 | D:4      | Noticed a sky beast
  2366 | D:4      | Noticed an ogre
  2381 | D:4      | Killed an ogre
  2382 | D:4      | Reached skill level 1 in Throwing
  2480 | D:4      | Reached XP level 6. HP: 40/52 MP: 6/6
  2873 | D:4      | Killed a sky beast
  2882 | D:4      | HP: 2/52 [phiIosophr's ghost (2)]
  2884 | D:4      | Slain by phiIosophr's ghost

Illustrated notes

Levels and vault maps discovered:
D:1:      minmay_arrival_loop, layout_loops_ring, minmay_tree_intersection
D:2:      cheibrodos_greedy_goblins, layout_basic
D:3:      layout_loops_cross
D:4:      layout_rooms, zin_treasury, gammafunk_ghost_split

Skill      XL: |  1  2  3  4  5  6 |
---------------+-------------------+-----
Axes           | 3 |  3.0
Fighting       | 4 |  4.2
Armour         | 4 |  4.8
Short Blades   | 1 2 |  2.9
Shields        | 4 |  4.9
Dodging        | 1 |  1.1
Throwing       | 1 2 |  2.0
Maces & Flails | |  0.1
Stealth        | |  0.2

Action                   |  1- 3 |  4- 6 || total
-------------------------+-------+-------++-------
Melee: War axe           |    29 |       ||    29
       Dagger            |    66 |   112 ||   178
       Kick              |       |     5 ||     5
       Flail             |       |    30 ||    30
Throw: Dart              |     6 |     4 ||    10
  Use: Scroll            |     5 |       ||     5
       Potion            |     2 |     8 ||    10
Armor: Scale mail        |    29 |       ||    29
       Chain mail        |    25 |   102 ||   127
Dodge: Dodged            |    38 |    73 ||   111
Block: Kite shield       |    57 |   108 ||   165
